[Event "XXIX Cracovia 2018"]
[Site "Krakow"]
[Date "2018.12.27"]
[Round "1"]
[White "Praczukowski, Stanislaw"]
[Black "Szpar, Milosz"]
[Result "0-1"]
[ECO "E06"]
[WhiteElo "2155"]
[BlackElo "2339"]
[Annotator "NA"]
[PlyCount "62"]
[EventDate "2018.12.27"]
[EventType "swiss"]
[EventCountry "POL"]
[SourceTitle "playchess.com"]
[Source "ChessBase"]
[SourceQuality "1"]
[TimeControl "40/5400+30:1800+30"]

1. d4 Nf6 2. c4 e6 3. g3 d5 4. Nf3 Be7 5. Bg2 O-O 6. O-O dxc4 7. Ne5 Nc6 8. Bxc6 bxc6 9. Nxc6 Qe8 10. Nxe7+ Qxe7 11. Qa4 e5 12. dxe5 Qxe5 13. Qxc4 Be6 14. Qa6 Ne4 15. Nc3 Nxc3 16. bxc3 Qxc3 17. Ba3 Rfe8 18. Rac1 Qe5 19. Rc5 Bd5 20. Qd3 c6 21. e3 Rad8 22. Re1 Qe6 23. Bb2 f6 24. a4 Qh3 25. Qf1 Qf5 26. h4 Qe4 27. Kh2 Rb8 28. Bd4 Rb4 29. Ra1 Qf3 30. a5 Rxd4 31. exd4 Re2 0-1

[Event "XXIX Cracovia 2018"]
[Site "Krakow"]
[Date "2018.12.27"]
[Round "1"]
[White "Kusnetsov, Igor"]
[Black "Hasterok, Mateusz"]
[Result "1-0"]
[ECO "A22"]
[WhiteElo "2094"]
[BlackElo "1884"]
[Annotator "NA"]
[PlyCount "71"]
[EventDate "2018.12.27"]
[EventType "swiss"]
[EventCountry "POL"]
[SourceTitle "playchess.com"]
[Source "ChessBase"]
[SourceQuality "1"]
[TimeControl "40/5400+30:1800+30"]

1. c4 e5 2. Nc3 Nf6 3. e4 Bc5 4. g3 d6 5. h3 Nc6 6. Bg2 Be6 7. d3 Nd4 8. Nge2 c6 9. O-O Qd7 10. Kh2 h5 11. Nxd4 Bxd4 12. Qe2 O-O-O 13. Be3 Bxe3 14. Qxe3 h4 15. g4 Bxg4 16. Qxa7 Be6 17. Nd5 Bxd5 18. cxd5 Qc7 19. Rac1 c5 20. f4 b6 21. Qa8+ Qb8 22. Qc6+ Qc7 23. Qa8+ Qb8 24. Qa4 Rd7 25. fxe5 dxe5 26. b4 Ra7 27. Qb3 Qd6 28. a4 Kd7 29. bxc5 bxc5 30. Qb5+ Ke7 31. Rxc5 Rb8 32. Qc4 Rb2 33. Rc6 Qb8 34. d6+ Kd8 35. Rc1 Ra8 36. Qxf7 1-0

[Event "XXIX Cracovia 2018"]
[Site "Krakow"]
[Date "2018.12.27"]
[Round "1"]
[White "Adamczewski, Maciej"]
[Black "Panek, Bartosz"]
[Result "1/2-1/2"]
[ECO "D85"]
[WhiteElo "2080"]
[BlackElo "1871"]
[Annotator "NA"]
[PlyCount "52"]
[EventDate "2018.12.27"]
[EventType "swiss"]
[EventCountry "POL"]
[SourceTitle "playchess.com"]
[Source "ChessBase"]
[SourceQuality "1"]
[TimeControl "40/5400+30:1800+30"]

1. d4 Nf6 2. c4 g6 3. Nc3 d5 4. cxd5 Nxd5 5. e4 Nxc3 6. bxc3 Bg7 7. Nf3 c5 8. Rb1 O-O 9. Be2 Nc6 10. d5 Ne5 11. Qd2 Nxf3+ 12. Bxf3 Qa5 13. Rb3 c4 14. Rb4 b5 15. O-O Bd7 16. a4 bxa4 17. Ba3 Rab8 18. Rfb1 Rxb4 19. Rxb4 Qc7 20. Be2 Rb8 21. Qb2 Rxb4 22. Qxb4 e6 23. Bxc4 exd5 24. exd5 h6 25. d6 Qc8 26. h3 Bf6 1/2-1/2

[Event "XXIX Cracovia 2018"]
[Site "Krakow"]
[Date "2018.12.27"]
[Round "1"]
[White "Jankowiak, Tomasz"]
[Black "Kaminski, Maciej"]
[Result "1/2-1/2"]
[ECO "C96"]
[WhiteElo "2070"]
[BlackElo "1869"]
[Annotator "NA RC"]
[PlyCount "162"]
[EventDate "2018.12.27"]
[EventType "swiss"]
[EventCountry "POL"]
[SourceTitle "playchess.com"]
[Source "ChessBase"]
[SourceQuality "1"]
[TimeControl "40/5400+30:1800+30"]

1. e4 e5 2. Nf3 Nc6 3. Bb5 a6 4. Ba4 Nf6 5. O-O Be7 6. Re1 b5 7. Bb3 d6 8. c3 O-O 9. h3 Na5 10. Bc2 c5 11. d4 Nd7 12. Kh1 exd4 13. cxd4 Nc6 14. Nc3 Bf6 15. Be3 Bb7 16. Nd5 Bxd4 17. Nxd4 cxd4 18. Bxd4 Nxd4 19. Qxd4 Bxd5 20. Qxd5 Qf6 21. Qd2 Qxb2 22. e5 g6 23. exd6 Rac8 24. Rec1 Rc4 25. Rab1 Qxa2 26. Qd1 Rfc8 27. Bb3 Rxc1 28. Bxa2 Rxd1+ 29. Rxd1 Rc2 30. Bd5 a5 31. Re1 Rd2 32. Bc6 Rxd6 33. Bxb5 Nc5 34. Re5 Nb7 35. Re7 Rb6 36. Bc4 Nd6 37. Bd5 Ra6 38. Kg1 a4 39. Kf1 a3 40. Ba2 Kf8 41. Rc7 Ke8 42. Ke1 Rb6 43. Ra7 Nb5 44. Ra8+ Ke7 45. Kd2 f5 46. Bc4 Nd6 47. Bg8 Ne4+ 48. Ke3 Rb2 49. Rxa3 Rxf2 50. Bd5 Rxg2 51. Bxe4 Rg3+ 52. Bf3 Rxh3 53. Kf4 Kf6 54. Ra6+ Kg7 55. Ra7+ Kh6 56. Bd5 Rh4+ 57. Kg3 Kg5 58. Bg8 h6 59. Ra6 Rg4+ 60. Kf3 h5 61. Bf7 Kh6 62. Rb6 h4 63. Ra6 Kg7 64. Ra7 Kf6 65. Be8 g5 66. Ra6+ Ke7 67. Bg6 Rb4 68. Kg2 Rb2+ 69. Kh3 Rb3+ 70. Kg2 Rg3+ 71. Kf2 f4 72. Be4 Re3 73. Bf3 Rc3 74. Ra7+ Kd6 75. Ra6+ Kc7 76. Ra5 Rc2+ 77. Kg1 Rc3 78. Kf2 Rc2+ 79. Kg1 h3 80. Rxg5 Rc3 81. Be4 Rg3+ 1/2-1/2

[Event "XXIX Cracovia 2018"]
[Site "Krakow"]
[Date "2018.12.27"]
[Round "1"]
[White "Furtak, Joanna"]
[Black "Popescu, Florin"]
[Result "1/2-1/2"]
[ECO "C13"]
[WhiteElo "1888"]
[BlackElo "2099"]
[Annotator "NA"]
[PlyCount "63"]
[EventDate "2018.12.27"]
[EventType "swiss"]
[EventCountry "POL"]
[SourceTitle "playchess.com"]
[Source "ChessBase"]
[SourceQuality "1"]
[TimeControl "40/5400+30:1800+30"]

1. e4 e6 2. d4 d5 3. Nc3 Nf6 4. Bg5 Be7 5. e5 Nfd7 6. h4 h6 7. Qh5 a6 8. O-O-O c5 9. Nxd5 Bxg5+ 10. hxg5 g6 11. Qg4 exd5 12. e6 Nf8 13. exf7+ Kxf7 14. Qf4+ Kg8 15. gxh6 Ne6 16. Qg3 Qg5+ 17. Qxg5 Nxg5 18. dxc5 Be6 19. Bd3 Kh7 20. Re1 Re8 21. f4 Ne4 22. Bxe4 dxe4 23. Rxe4 Nc6 24. Nf3 Bd5 25. Ng5+ Kh8 26. Rxe8+ Rxe8 27. Kd2 Bxg2 28. Nf7+ Kh7 29. Ng5+ Kh8 30. Nf7+ Kh7 31. Ng5+ Kh8 32. Nf7+ {[%emt 0:00:30] Bd5 [%clk 0:11:53] Ng5 [%clk 0:49:22] Bg2 [%clk 0:10:47]} 1/2-1/2

[Event "XXIX Cracovia 2018"]
[Site "Krakow"]
[Date "2018.12.27"]
[Round "1"]
[White "Koziorowicz, Michal"]
[Black "Janus, Przemyslaw"]
[Result "0-1"]
[ECO "B77"]
[WhiteElo "1872"]
[BlackElo "2091"]
[Annotator "NA"]
[PlyCount "60"]
[EventDate "2018.12.27"]
[EventType "swiss"]
[EventCountry "POL"]
[SourceTitle "playchess.com"]
[Source "ChessBase"]
[SourceQuality "1"]
[TimeControl "40/5400+30:1800+30"]

1. e4 c5 2. Nf3 d6 3. d4 cxd4 4. Nxd4 Nf6 5. Nc3 g6 6. Be3 Bg7 7. f3 Nc6 8. Qd2 O-O 9. Bc4 Nd7 10. O-O-O Nb6 11. Bb3 Na5 12. Qe2 Bd7 13. h4 Rc8 14. h5 Nbc4 15. hxg6 fxg6 16. Bh6 Bxh6+ 17. Rxh6 e5 18. Rdh1 exd4 19. Rxh7 Qg5+ 20. Kb1 dxc3 21. f4 Rxf4 22. Rh8+ Kg7 23. R8h7+ Kf6 24. Rxd7 Nxb3 25. cxb3 Nd2+ 26. Kc2 cxb2+ 27. Kxb2 Qe5+ 28. Ka3 Qc5+ 29. Kb2 Qc2+ 30. Ka3 Nc4+ 0-1

[Event "XXIX Cracovia 2018"]
[Site "Krakow"]
[Date "2018.12.27"]
[Round "1"]
[White "Kepowicz, Artur"]
[Black "Romashov, Anton"]
[Result "0-1"]
[ECO "B27"]
[WhiteElo "1869"]
[BlackElo "2076"]
[Annotator "NA"]
[PlyCount "136"]
[EventDate "2018.12.27"]
[EventType "swiss"]
[EventCountry "POL"]
[SourceTitle "playchess.com"]
[Source "ChessBase"]
[SourceQuality "1"]
[TimeControl "40/5400+30:1800+30"]

1. e4 c5 2. Nf3 g6 3. d4 cxd4 4. Nxd4 Bg7 5. Be3 Nf6 6. Nc3 Nc6 7. Be2 O-O 8. O-O d5 9. exd5 Nxd5 10. Nxd5 Qxd5 11. Bf3 Qc4 12. Nxc6 bxc6 13. c3 Be6 14. Be2 Qe4 15. Bf3 Qc4 16. Be2 Qh4 17. g3 Qh3 18. Bf3 Rfd8 19. Qe2 Bd5 20. Rfd1 Qf5 21. Bxd5 cxd5 22. Rd2 Rd7 23. Rad1 Rad8 24. Qb5 e5 25. Qd3 Qe6 26. f4 d4 27. cxd4 exd4 28. Bf2 Qxa2 29. h4 Qd5 30. Ra1 Rb7 31. Ra4 Rb3 32. Qc4 Qxc4 33. Rxc4 d3 34. Bxa7 Bxb2 35. Kf2 Bc3 36. Rd1 Rb2+ 37. Kf3 Rc2 38. Be3 f5 39. Rc5 Rd7 40. Rc8+ Kf7 41. Rc6 Ke8 42. Rc8+ Ke7 43. Rc6 Bb2 44. Ra6 d2 45. Ke2 Bc1 46. Ra7 Rxa7 47. Bxa7 Ke6 48. h5 Kd5 49. hxg6 hxg6 50. Rh1 Ra2 51. Rh7 Ra6 52. Bf2 Re6+ 53. Kd1 Ke4 54. Ke2 Ba3 55. Rd7 Bd6 56. Rb7 d1=Q+ 57. Kxd1 Kf3 58. Be1 Bc5 59. Rb3+ Be3 60. Rd3 Re4 61. Bd2 Kf2 62. Be1+ Kf1 63. Bc3 Re6 64. Be5 Kf2 65. Kc2 Rc6+ 66. Kb2 Ke2 67. Rd8 Bf2 68. Kb3 Bxg3 0-1

[Event "XXIX Cracovia 2018"]
[Site "Krakow"]
[Date "2018.12.27"]
[Round "1"]
[White "Shamatava, Nikolozi"]
[Black "Slezinski, Nikodem"]
[Result "1-0"]
[ECO "A46"]
[WhiteElo "1866"]
[BlackElo "2074"]
[Annotator "NA"]
[PlyCount "153"]
[EventDate "2018.12.27"]
[EventType "swiss"]
[EventCountry "POL"]
[SourceTitle "playchess.com"]
[Source "ChessBase"]
[SourceQuality "1"]
[TimeControl "40/5400+30:1800+30"]

1. d4 Nf6 2. Nf3 d5 3. g3 e6 4. Bg2 Be7 5. O-O O-O 6. c4 dxc4 7. Qc2 a6 8. a4 Bd7 9. Ne5 Bc6 10. Nxc6 Nxc6 11. e3 Na5 12. Nd2 c5 13. Nxc4 cxd4 14. Nxa5 Qxa5 15. exd4 Rac8 16. Qb3 b6 17. Qd3 Rfd8 18. Be3 Nd5 19. Be4 g6 20. Rfd1 Bb4 21. Qb3 Rc7 22. Bxd5 Rxd5 23. Bf4 Rcd7 24. Qc4 b5 25. axb5 Qxb5 26. Qc8+ Rd8 27. Qxa6 Qxa6 28. Rxa6 e5 29. Bg5 R8d6 30. Rxd6 Rxd6 31. Be7 Rb6 32. Bxb4 Rxb4 33. dxe5 Rxb2 34. Kg2 Re2 35. Rd5 Kf8 36. Kf3 Re1 37. Kf4 Re2 38. Kf3 Re1 39. h4 Ke7 40. Ra5 Ke6 41. Kf4 h5 42. f3 Rh1 43. Ra6+ Ke7 44. Ra3 Rh3 45. Rb3 Ke6 46. Rb6+ Ke7 47. Rb2 Ke6 48. Rg2 Rh1 49. Re2 Rh3 50. Re1 Rh2 51. Kg5 Rh3 52. Kf4 Rh2 53. Re3 Rh3 54. Rb3 Rh1 55. Kg5 Ra1 56. f4 Ra6 57. Rd3 Ke7 58. Kh6 Kf8 59. Rb3 Ra8 60. e6 Ra6 61. exf7 Kxf7 62. Rb5 Rc6 63. Kg5 Rc3 64. Rb7+ Ke6 65. Rb6+ Kd5 66. Rxg6 Rxg3+ 67. Kxh5 Rf3 68. Kg4 Rf1 69. Kf5 Rh1 70. Rh6 Kd4 71. Kf6 Ke4 72. f5 Rf1 73. Rh5 Ra1 74. Kg6 Rg1+ 75. Rg5 Rh1 76. h5 Ke5 77. h6 1-0

[Event "XXIX Cracovia 2018"]
[Site "Krakow"]
[Date "2018.12.28"]
[Round "2"]
[White "Klekowski, Maciej"]
[Black "Kaczmarska, Joanna"]
[Result "1-0"]
[ECO "A13"]
[WhiteElo "2499"]
[BlackElo "1980"]
[Annotator "RC"]
[PlyCount "63"]
[EventDate "2018.12.27"]
[EventType "swiss"]
[EventCountry "POL"]
[SourceTitle "playchess.com"]
[Source "ChessBase"]
[SourceQuality "1"]
[TimeControl "40/5400+30:1800+30"]

1. Nf3 d5 2. c4 e6 3. g3 Nf6 4. Bg2 Bd6 5. O-O O-O 6. d4 b6 7. cxd5 exd5 8. Nc3 c6 9. Ne5 Qe7 10. Nd3 Ne4 11. Bf4 Bxf4 12. Nxf4 f5 13. Rc1 Bb7 14. Nd3 Nd7 15. Re1 Ndf6 16. e3 c5 17. dxc5 bxc5 18. Nxe4 dxe4 19. Nxc5 Bd5 20. Re2 Rfd8 21. Qa4 Ng4 22. Rd2 Ne5 23. b4 Nf3+ 24. Bxf3 exf3 25. Rcd1 f4 26. Rxd5 fxe3 27. Rxd8+ Rxd8 28. Rxd8+ Qxd8 29. fxe3 Qe7 30. Qb3+ Kh8 31. Qe6 Qf8 32. Kf2 1-0

[Event "XXIX Cracovia 2018"]
[Site "Krakow"]
[Date "2018.12.28"]
[Round "2"]
[White "Tomczak, Mikolaj"]
[Black "Goluch, Piotr"]
[Result "1/2-1/2"]
[ECO "A16"]
[WhiteElo "2442"]
[BlackElo "2273"]
[Annotator "NA"]
[PlyCount "31"]
[EventDate "2018.12.27"]
[EventType "swiss"]
[EventCountry "POL"]
[SourceTitle "playchess.com"]
[Source "ChessBase"]
[SourceQuality "1"]
[TimeControl "40/5400+30:1800+30"]

1. c4 Nf6 2. Nc3 g6 3. d4 Bg7 4. Nf3 O-O 5. g3 c6 6. Bg2 d5 7. cxd5 cxd5 8. Ne5 e6 9. O-O Nfd7 10. f4 Nc6 11. Be3 Ne7 12. Bf2 b6 13. Rc1 Nf6 14. g4 Bb7 15. Bh4 Ne8 16. e3 1/2-1/2

[Event "XXIX Cracovia 2018"]
[Site "Krakow"]
[Date "2018.12.28"]
[Round "2"]
[White "Lewtak, Damian"]
[Black "Gombocz, Ferenc Jr."]
[Result "1/2-1/2"]
[ECO "A06"]
[WhiteElo "2393"]
[BlackElo "2263"]
[Annotator "NA"]
[PlyCount "56"]
[EventDate "2018.12.27"]
[EventType "swiss"]
[EventCountry "POL"]
[SourceTitle "playchess.com"]
[Source "ChessBase"]
[SourceQuality "1"]
[TimeControl "40/5400+30:1800+30"]

1. Nf3 d5 2. g3 Nf6 3. Bg2 Bf5 4. c4 e6 5. cxd5 exd5 6. O-O Be7 7. d3 O-O 8. Nh4 Be6 9. e4 c6 10. h3 Qc8 11. Kh2 dxe4 12. dxe4 Bc4 13. Re1 Rd8 14. Nd2 Na6 15. Qf3 Be6 16. a3 Nc5 17. Re3 Ncd7 18. Qe2 Bc5 19. Rd3 Ne5 20. Rxd8+ Qxd8 21. f4 Qd4 22. Qf1 Neg4+ 23. hxg4 Nxg4+ 24. Kh1 Nf2+ 25. Kh2 Ng4+ 26. Kh1 Nf2+ 27. Kh2 Ng4+ 28. Kh1 Nf2+ 1/2-1/2

[Event "XXIX Cracovia 2018"]
[Site "Krakow"]
[Date "2018.12.28"]
[Round "2"]
[White "Eggink, Ryszard"]
[Black "Kusnetsov, Sergey"]
[Result "1-0"]
[ECO "A85"]
[WhiteElo "2343"]
[BlackElo "2257"]
[Annotator "NA"]
[PlyCount "80"]
[EventDate "2018.12.27"]
[EventType "swiss"]
[EventCountry "POL"]
[SourceTitle "playchess.com"]
[Source "ChessBase"]
[SourceQuality "1"]
[TimeControl "40/5400+30:1800+30"]

1. d4 f5 2. c4 Nf6 3. Nc3 d6 4. Bg5 Nbd7 5. Qc2 g6 6. h4 Bg7 7. e3 c6 8. Nh3 Qa5 9. O-O-O e5 10. dxe5 dxe5 11. Be2 h6 12. Bxf6 Nxf6 13. g4 O-O 14. g5 Ne4 15. Nxe4 fxe4 16. gxh6 Bxh6 17. Rdg1 Qxa2 18. Rxg6+ Kh7 19. Rg2 Qa1+ 20. Qb1 Qxb1+ 21. Kxb1 Bxh3 22. Rxh3 Rad8 23. Kc1 Rd6 24. Bd1 Rdf6 25. Rhh2 b5 26. b3 a5 27. Bc2 Kh8 28. Bxe4 a4 29. Kb2 axb3 30. Kxb3 bxc4+ 31. Kxc4 Ra8 32. Bc2 Rd8 33. h5 Rd2 34. Kc3 Rd7 35. Rg6 Rxg6 36. hxg6 Kg7 37. Be4 Rd1 38. Rh5 Rf1 39. f3 Re1 40. Rxe5 Bxe3 1-0

[Event "XXIX Cracovia 2018"]
[Site "Krakow"]
[Date "2018.12.28"]
[Round "2"]
[White "Szpar, Milosz"]
[Black "Kozak, Antoni"]
[Result "1/2-1/2"]
[ECO "D37"]
[WhiteElo "2339"]
[BlackElo "2236"]
[Annotator "NA"]
[PlyCount "45"]
[EventDate "2018.12.27"]
[EventType "swiss"]
[EventCountry "POL"]
[SourceTitle "playchess.com"]
[Source "ChessBase"]
[SourceQuality "1"]
[TimeControl "40/5400+30:1800+30"]

1. d4 d5 2. c4 e6 3. Nf3 Nf6 4. Nc3 dxc4 5. e4 Bb4 6. Bg5 c5 7. Bxc4 cxd4 8. Nxd4 Qa5 9. Bxf6 Bxc3+ 10. bxc3 Qxc3+ 11. Kf1 gxf6 12. Bb5+ Ke7 13. Rc1 Qa5 14. e5 fxe5 15. Qh5 Nd7 16. Qg5+ Kf8 17. Rxc8+ Rxc8 18. Bxd7 Qd8 19. Nxe6+ fxe6 20. Qh6+ Ke7 21. Qxe6+ Kf8 22. Qh6+ Ke7 23. Qe6+ 1/2-1/2

[Event "XXIX Cracovia 2018"]
[Site "Krakow"]
[Date "2018.12.28"]
[Round "2"]
[White "Naboka, Sergey"]
[Black "Ustinov, Alexey"]
[Result "0-1"]
[ECO "C50"]
[WhiteElo "2324"]
[BlackElo "2232"]
[Annotator "NA"]
[PlyCount "108"]
[EventDate "2018.12.27"]
[EventType "swiss"]
[EventCountry "POL"]
[SourceTitle "playchess.com"]
[Source "ChessBase"]
[SourceQuality "1"]
[TimeControl "40/5400+30:1800+30"]

1. e4 e5 2. Nf3 Nc6 3. Bc4 Bc5 4. O-O Nf6 5. d4 Bxd4 6. Nxd4 Nxd4 7. f4 d6 8. fxe5 dxe5 9. Bg5 Qe7 10. Na3 Rg8 11. Qe1 Be6 12. Qa5 Nc6 13. Qa4 Qc5+ 14. Kh1 Bxc4 15. Qxc4 Qxc4 16. Nxc4 Nxe4 17. Bh4 f6 18. Rae1 Nd6 19. Ne3 O-O-O 20. c3 Ne7 21. g4 h6 22. Re2 Rd7 23. Kg2 Rgd8 24. Kf3 Nf7 25. Nf5 Nxf5 26. gxf5 Rd2 27. Rff2 Rxe2 28. Rxe2 Nd6 29. Kg4 Rh8 30. Rf2 h5+ 31. Kh3 Kd7 32. Rf3 Ke7 33. Bf2 Ne4 34. Kh4 Nxf2 35. Rxf2 Kf7 36. Rg2 Rh6 37. Rd2 g5+ 38. fxg6+ Kxg6 39. Kg3 Rh7 40. Kf3 Kf5 41. Rd8 Re7 42. c4 e4+ 43. Ke3 Kg4 44. Rg8+ Kh3 45. Rf8 Re6 46. Rf7 Kxh2 47. Rxc7 f5 48. Rf7 Re5 49. Rh7 Kg3 50. Rg7+ Kh3 51. Rxb7 h4 52. Kf4 Re8 53. c5 Kg2 54. c6 e3 0-1

[Event "XXIX Cracovia 2018"]
[Site "Krakow"]
[Date "2018.12.28"]
[Round "2"]
[White "Vojtek, Vladimir"]
[Black "Bus, Konrad"]
[Result "1/2-1/2"]
[ECO "A00"]
[WhiteElo "2313"]
[BlackElo "2221"]
[Annotator "NA"]
[PlyCount "81"]
[EventDate "2018.12.27"]
[EventType "swiss"]
[EventCountry "POL"]
[SourceTitle "playchess.com"]
[Source "ChessBase"]
[SourceQuality "1"]
[TimeControl "40/5400+30:1800+30"]

1. b4 d5 2. Bb2 Bg4 3. Nf3 Bxf3 4. exf3 e6 5. a3 Nf6 6. Be2 c5 7. bxc5 Bxc5 8. O-O O-O 9. d3 Nc6 10. Nd2 Rc8 11. f4 Nd4 12. Nb3 Nxb3 13. cxb3 Nd7 14. Bf3 g6 15. Rc1 Qb6 16. d4 Bd6 17. g3 Rxc1 18. Bxc1 Rc8 19. Re1 Qc7 20. Bb2 Qc2 21. Qxc2 Rxc2 22. Re2 Rc6 23. Rd2 Ra6 24. Rc2 Kf8 25. Bd1 Ke7 26. Kf1 Kd8 27. a4 Nb8 28. Ke2 Rb6 29. Rc1 Nc6 30. Bc3 Ba3 31. Rb1 Bb4 32. Ba1 Ne7 33. Kd3 Rc6 34. Bb2 Nf5 35. Rc1 Rxc1 36. Bxc1 h5 37. Bb2 Kd7 38. Ke2 a6 39. Bc2 Ba5 40. Kd3 Be1 41. Ke2 1/2-1/2

[Event "XXIX Cracovia 2018"]
[Site "Krakow"]
[Date "2018.12.28"]
[Round "2"]
[White "Nowicki, Bartosz"]
[Black "Szczurek, Krzysztof"]
[Result "1/2-1/2"]
[ECO "B96"]
[WhiteElo "2305"]
[BlackElo "2212"]
[Annotator "NA"]
[PlyCount "97"]
[EventDate "2018.12.27"]
[EventType "swiss"]
[EventCountry "POL"]
[SourceTitle "playchess.com"]
[Source "ChessBase"]
[SourceQuality "1"]
[TimeControl "40/5400+30:1800+30"]

1. e4 c5 2. Nf3 d6 3. d4 cxd4 4. Nxd4 Nf6 5. Nc3 a6 6. Bg5 e6 7. f4 h6 8. Bh4 Qb6 9. a3 Be7 10. Bf2 Qc7 11. Be2 b5 12. Bf3 Bb7 13. O-O Nbd7 14. Qe2 O-O 15. Rae1 Rac8 16. g4 Nh7 17. h4 g5 18. hxg5 hxg5 19. f5 Ne5 20. Be3 Qd7 21. Qh2 Kg7 22. Nde2 Rh8 23. Qg2 Nc4 24. Ng3 Nxe3 25. Nh5+ Kg8 26. Rxe3 Nf6 27. Rd3 Qc7 28. Qd2 Qc5+ 29. Kg2 Nxh5 30. gxh5 a5 31. e5 Bxf3+ 32. Rdxf3 Rxh5 33. fxe6 Qxe5 34. exf7+ Kg7 35. Rh1 Rxh1 36. Kxh1 Rh8+ 37. Kg1 g4 38. Re3 Qh5 39. Qg2 Bf6 40. Re4 Kxf7 41. Rxg4 Qc5+ 42. Kf1 Qf5+ 43. Ke1 Qe5+ 44. Kd1 Re8 45. Qf2 Re6 46. Kc1 Qe1+ 47. Qxe1 Rxe1+ 48. Kd2 Re5 49. Re4 1/2-1/2

[Event "XXIX Cracovia 2018"]
[Site "Krakow"]
[Date "2018.12.28"]
[Round "2"]
[White "Belous, Mikhail"]
[Black "Cholleti Sahajasri"]
[Result "1-0"]
[ECO "E44"]
[WhiteElo "2299"]
[BlackElo "2069"]
[Annotator "NA"]
[PlyCount "105"]
[EventDate "2018.12.27"]
[EventType "swiss"]
[EventCountry "POL"]
[SourceTitle "playchess.com"]
[Source "ChessBase"]
[SourceQuality "1"]
[TimeControl "40/5400+30:1800+30"]

1. d4 Nf6 2. c4 e6 3. Nc3 Bb4 4. e3 b6 5. Nge2 Ne4 6. Qc2 Bb7 7. a3 Bxc3+ 8. Nxc3 Nxc3 9. Qxc3 d6 10. b3 Nd7 11. Bb2 Qf6 12. Qd2 a5 13. d5 Qg6 14. Bd3 Qxg2 15. O-O-O Nc5 16. Bc2 e5 17. Rhg1 Qf3 18. Rxg7 Ne4 19. Bxe4 Qxe4 20. f4 a4 21. fxe5 axb3 22. Qd3 Qxd3 23. Rxd3 Ra4 24. Rg4 h5 25. Re4 Rg8 26. exd6+ Kd7 27. dxc7 Rg1+ 28. Kd2 Rg2+ 29. Kc3 b5 30. Rdd4 bxc4 31. Rxc4 Rxc4+ 32. Rxc4 Rxh2 33. Kxb3 Re2 34. e4 h4 35. d6 h3 36. c8=Q+ Bxc8 37. Rc7+ Kxd6 38. Rxc8 Re3+ 39. Bc3 Rxe4 40. Rh8 Re3 41. Kc4 f5 42. Bd2 Rf3 43. Kd4 Ke6 44. a4 Ra3 45. a5 Ra4+ 46. Kd3 f4 47. Rxh3 Ra3+ 48. Bc3 Kf5 49. Rh8 f3 50. Rf8+ Kg4 51. Kc4 Kg3 52. Kb4 Ra2 53. Bd4 1-0

[Event "XXIX Cracovia 2018"]
[Site "Krakow"]
[Date "2018.12.28"]
[Round "2"]
[White "Ojas Kulkarni"]
[Black "Janik, Igor"]
[Result "0-1"]
[ECO "A28"]
[WhiteElo "2282"]
[BlackElo "2476"]
[Annotator "ChessBase"]
[PlyCount "42"]
[EventDate "2018.12.27"]
[EventType "swiss"]
[EventCountry "POL"]
[SourceTitle "playchess.com"]
[Source "ChessBase"]
[SourceQuality "1"]
[TimeControl "40/5400+30:1800+30"]

1. c4 e5 2. Nc3 Nf6 3. Nf3 Nc6 4. e3 Bb4 5. Qc2 Bxc3 6. dxc3 d6 7. e4 h6 8. Bd3 O-O 9. Nd2 a5 10. Nf1 a4 11. Ne3 Be6 12. Qe2 Nd7 13. h4 Nc5 14. g4 Ne7 15. Nf5 f6 16. g5 fxg5 17. Nxh6+ gxh6 18. hxg5 Qd7 19. f3 Nxd3+ 20. Qxd3 Ng6 21. Rxh6 Kg7 0-1

[Event "XXIX Cracovia 2018"]
[Site "Krakow"]
[Date "2018.12.28"]
[Round "2"]
[White "Miroshnichenko, Pavel"]
[Black "Gumularz, Szymon"]
[Result "1/2-1/2"]
[ECO "A05"]
[WhiteElo "2275"]
[BlackElo "2462"]
[Annotator "ChessBase"]
[PlyCount "34"]
[EventDate "2018.12.27"]
[EventType "swiss"]
[EventCountry "POL"]
[SourceTitle "playchess.com"]
[Source "ChessBase"]
[SourceQuality "1"]
[TimeControl "40/5400+30:1800+30"]

1. Nf3 Nf6 2. c4 e6 3. Nc3 d5 4. e3 a6 5. d4 dxc4 6. Bxc4 b5 7. Bb3 Bb7 8. O-O c5 9. e4 cxd4 10. Nxd4 Nc6 11. Nxc6 Qxd1 12. Rxd1 Bxc6 13. f3 Nd7 14. Be3 Bc5 15. Kf2 Bxe3+ 16. Kxe3 Ke7 17. Ne2 Bb7 1/2-1/2

[Event "XXIX Cracovia 2018"]
[Site "Krakow"]
[Date "2018.12.28"]
[Round "2"]
[White "Piotrowski, Przemyslaw"]
[Black "Kosakowski, Jakub"]
[Result "0-1"]
[ECO "A48"]
[WhiteElo "2269"]
[BlackElo "2415"]
[Annotator "NA"]
[PlyCount "54"]
[EventDate "2018.12.27"]
[EventType "swiss"]
[EventCountry "POL"]
[SourceTitle "playchess.com"]
[Source "ChessBase"]
[SourceQuality "1"]
[TimeControl "40/5400+30:1800+30"]

1. d4 Nf6 2. Nf3 g6 3. c4 Bg7 4. g3 O-O 5. Bg2 d6 6. Nc3 c6 7. O-O a6 8. e4 Bg4 9. h3 Bxf3 10. Bxf3 Nfd7 11. a4 a5 12. Be3 Na6 13. Bg2 e5 14. d5 Ndc5 15. Qe2 Qc7 16. Rad1 Rae8 17. h4 f5 18. Bh3 f4 19. Bc1 Nb3 20. Qg4 Nac5 21. h5 Rf6 22. dxc6 bxc6 23. hxg6 Rxg6 24. Qh5 Qf7 25. Kh2 Nxc1 26. Rxc1 Nd3 27. Rc2 Nxf2 0-1

[Event "XXIX Cracovia 2018"]
[Site "Krakow"]
[Date "2018.12.28"]
[Round "2"]
[White "Chylewski, Patryk"]
[Black "Hnydiuk, Aleksander"]
[Result "1/2-1/2"]
[ECO "D85"]
[WhiteElo "2268"]
[BlackElo "2409"]
[Annotator "NA"]
[PlyCount "40"]
[EventDate "2018.12.27"]
[EventType "swiss"]
[EventCountry "POL"]
[SourceTitle "playchess.com"]
[Source "ChessBase"]
[SourceQuality "1"]
[TimeControl "40/5400+30:1800+30"]

1. d4 Nf6 2. c4 g6 3. Nc3 d5 4. cxd5 Nxd5 5. e4 Nxc3 6. bxc3 Bg7 7. Qa4+ Nd7 8. Nf3 O-O 9. Be2 c5 10. O-O Qc7 11. Be3 b6 12. Rac1 Bb7 13. d5 a6 14. c4 Nf6 15. Nd2 e6 16. Qb3 exd5 17. exd5 Bc8 18. h3 Re8 19. Rfe1 Rb8 20. Bd3 Bd7 1/2-1/2

[Event "XXIX Cracovia 2018"]
[Site "Krakow"]
[Date "2018.12.28"]
[Round "2"]
[White "Mis, Mieszko"]
[Black "Molenda, Marcin"]
[Result "0-1"]
[ECO "A62"]
[WhiteElo "2260"]
[BlackElo "2383"]
[Annotator "NA"]
[PlyCount "82"]
[EventDate "2018.12.27"]
[EventType "swiss"]
[EventCountry "POL"]
[SourceTitle "playchess.com"]
[Source "ChessBase"]
[SourceQuality "1"]
[TimeControl "40/5400+30:1800+30"]

1. d4 Nf6 2. c4 e6 3. g3 c5 4. d5 exd5 5. cxd5 d6 6. Nc3 g6 7. Bg2 Bg7 8. Nf3 O-O 9. O-O Re8 10. Bf4 h6 11. Re1 g5 12. Bc1 a6 13. a4 Nbd7 14. Nd2 Ne5 15. Rb1 Bf5 16. e4 Nd3 17. Rf1 Bg6 18. Qc2 Nxc1 19. Rbxc1 Rb8 20. Rfe1 b5 21. axb5 axb5 22. Qd1 Nd7 23. Bf1 c4 24. b4 Qb6 25. Nf3 Ra8 26. Bh3 Ne5 27. Nxe5 Bxe5 28. Bf5 Bxc3 29. Rxc3 Bxf5 30. exf5 Rxe1+ 31. Qxe1 Qd4 32. Rc1 Qxd5 33. Qe7 Qe5 34. Qd7 Ra2 35. Qd8+ Kg7 36. Rd1 Qxf5 37. Qb6 c3 38. Rxd6 Ra1+ 39. Kg2 Qe4+ 40. Kh3 c2 41. Rxh6 Qf5+ 0-1